 Dungeon Crawl Stone Soup version 0.26-a0-800-g517d6fe721 (webtiles) character file.

Game seed: 6908601039625079472

259 Forecaster the Magician (level 6, -1/51 HPs)
             Began as a Naga Hedge Wizard on Nov 11, 2020.
             Slain by a leopard gecko (3 damage)
             ... on level 4 of the Dungeon.
             The game lasted 00:14:35 (4257 turns).

Forecaster the Magician (Naga Hedge Wizard)         Turns: 4257, Time: 00:14:36

Health: -1/51      AC:  3    Str: 12    XL:     6   Next: 17%
Magic:  7/13       EV: 10    Int: 16    God:
Gold:   106        SH:  0    Dex: 11    Spells: 6/14 levels left

rFire    . . .     SeeInvis +   e - +4 short sword (drain)
rCold    . . .     Faith    .   (no shield)
rNeg     . . .     Spirit   .   r - +0 robe
rPois    +         Reflect  .   c - +0 hat
rElec    .         Harm     .   (no cloak)
rCorr    .         Rampage  .   (no gloves)
MR       .....                  (no barding)
Stlth    ++........             (no amulet)
HPRegen  0.17/turn              (no ring)
MPRegen  0.13/turn              (no ring)

@: very slow
A: large, see invisible, deformed body, poison resistance, slowness 2, spit
poison 1, AC +2
a: Spit Poison


You were on level 4 of the Dungeon.
You visited 1 branch of the dungeon, and saw 4 of its levels.

You collected 106 gold pieces.

Inventory:

Hand Weapons
 a - a +0 dagger
 e - a +4 short sword of draining (weapon)
 l - a +0 dagger
 m - a +0 falchion
Armour
 b - a +0 robe
 c - a +0 hat (worn)
 n - a +1 scale mail of cold resistance
 r - a +0 robe (worn)
Wands
 j - a wand of paralysis (5)
Scrolls
 d - 2 scrolls of fear
 h - 4 scrolls of remove curse
 i - a scroll of teleportation
 k - a scroll of immolation {unknown}
 o - a scroll of identify
 s - a scroll of enchant weapon
Potions
 f - a potion of might
 g - a potion of attraction
 q - a potion of brilliance {unknown}


   Skills:
 + Level 1.0 Fighting
 + Level 1.4 Short Blades
 + Level 1.7 Dodging
 + Level 3.9 Stealth
 + Level 4.7 Spellcasting
 + Level 2.1 Conjurations
 + Level 2.4 Summonings
 + Level 1.0 Translocations


You had 6 spell levels left.
You knew the following spells:

 Your Spells              Type           Power        Failure   Level
a - Magic Dart            Conj           ##..         7%          1
b - Call Imp              Summ           ##......     9%          2
c - Blink                 Tloc           N/A          16%         2
d - Conjure Flame         Conj/Fire      #.......     30%         3

Your spell library contained the following spells:

 Spells                   Type           Power        Failure   Level
 Slow                     Hex            #.......     24%         2
 Mephitic Cloud           Conj/Pois/Air  #.......     34%         3


Dungeon Overview and Level Annotations

Branches:
Dungeon (4/15)
 Temple: D:4-7

Altars:
Ashenzari
Makhleb
Ru

Shops:
D:4 (


Innate Abilities, Weirdness & Mutations

You cannot wear boots.
Your serpentine skin is tough. (AC +2)
You have supernaturally acute eyesight. (SInv)
Armour fits poorly on your strangely shaped body.
Your system is resistant to poisons. (rPois)
You cover ground very slowly.
You can spit poison.


Message History

* * * LOW HITPOINT WARNING * * *
Your white imp closely misses the gnoll.
The gnoll hits your white imp with a +0 club!
The leopard gecko closely misses you.
The gnoll barely misses your crimson imp.
Your crimson imp blinks!
The goblin closely misses you.
Your white imp hits the gnoll.
Your white imp freezes the gnoll.
The gnoll hits your white imp with a +0 club.
The leopard gecko bites you.
* * * LOW HITPOINT WARNING * * *
Your white imp gestures at the gnoll.
The puff of frost hits the gnoll!
The leopard gecko bites you.
* * * LOW HITPOINT WARNING * * *
Your white imp gestures at the gnoll.
The puff of frost hits the gnoll!
The gnoll dies!
The goblin hits you but does no damage. The leopard gecko bites you.
You die...

#.....?# ##.#..... #.# ### .#
#.# ##.## ##'## #...# ##...##
#.#.# ##.....## ##... .
##..§....## ##..#
....###.†.gg@...####...######
.....))5.)(l....'............
....###...5.....####...######
. ##......(## ##..# ##.....##
.....# ##...## #^##.## ##+##
#. ### #


You could see a gnoll, a leopard gecko, a goblin, a friendly crimson imp
(summoned) and a friendly white imp (summoned).

Vanquished Creatures
  A phantom (D:3)
  3 adders
  A dart slug (D:1)
  2 leopard geckos
  An orc (D:2)
  2 ball pythons
  4 giant cockroaches (D:1)
  6 goblins
  4 hobgoblins
  4 jackals (D:3)
  7 kobolds
  2 quokkas (D:2)
  5 bats
  3 frilled lizards
  11 rats
56 creatures vanquished.

Vanquished Creatures (collateral kills)
  An orc priest (D:3)
  Ijyb (D:3)
  Terence (D:3)
  A worker ant (D:3)
  Robin (D:4)
  2 gnolls (D:4)
  An adder (D:3)
  An ooze (D:3)
  A dart slug (D:3)
  4 orcs (D:3)
  A giant cockroach (D:3)
  7 goblins
  A bat (D:3)
23 creatures vanquished.

Grand Total: 79 creatures vanquished

Notes
Turn   | Place    | Note
-------+----------+-------------------------------------------
     0 | D:1      | Forecaster the Naga Hedge Wizard began the quest for the
                  | Orb.
     0 | D:1      | Reached XP level 1. HP: 15/15 MP: 4/4
   342 | D:1      | Reached XP level 2. HP: 22/22 MP: 4/6
   935 | D:1      | Reached XP level 3. HP: 28/28 MP: 2/8
  1642 | D:2      | Learned a level 2 spell: Call Imp
  1645 | D:2      | Learned a level 2 spell: Blink
  1741 | D:2      | Found a burning altar of Makhleb.
  1741 | D:2      | Noticed a balrug
  1750 | D:2      | Found a broken altar of Ashenzari.
  2177 | D:3      | Reached skill level 4 in Spellcasting
  2189 | D:3      | Reached XP level 4. HP: 30/36 MP: 2/10
  2236 | D:3      | Noticed Ijyb
  2256 | D:3      | Killed Ijyb
  2557 | D:3      | Reached skill level 1 in Short Blades
  2560 | D:3      | Reached XP level 5. HP: 12/43 MP: 8/11
  2854 | D:3      | Noticed a phantom
  2890 | D:3      | HP: 1/43 [phantom (8)]
  2891 | D:3      | Killed a phantom
  2891 | D:3      | Reached skill level 1 in Fighting
  3241 | D:3      | Noticed Terence
  3256 | D:3      | Killed Terence
  3320 | D:3      | Reached XP level 6. HP: 47/51 MP: 9/13
  3713 | D:3      | Learned a level 3 spell: Conjure Flame
  3960 | D:3      | Found a sacrificial altar of Ru.
  4051 | D:4      | Found Josudaelun's Weapon Shoppe.
  4224 | D:4      | Noticed Robin
  4230 | D:4      | Killed Robin
  4257 | D:4      | HP: 2/51 [leopard gecko (2)]
  4257 | D:4      | Slain by a leopard gecko

Illustrated notes

Levels and vault maps discovered:
D:1:      kennysheep_arrival_seaside, layout_loops_cross
D:2:      layout_loops_ring, ashenzari_altar_1, makhleb_altar_promises_db
D:3:      layout_basic, nicolae_ru_the_path_less_chosen, uniq_ijyb, uniq_terence
D:4:      layout_loops_corners, kennysheep_mini, marbit_many_paths,
          cheibriados_altar_1, serial_shops, shop_fountains, enter_ossuary_5,
          uniq_grinder, uniq_robin

Skill      XL: |  1  2  3  4  5 |
---------------+----------------+-----
Spellcasting   | 4 |  4.7
Short Blades   | 1 |  1.4
Conjurations   | 2 |  2.1
Fighting       | 1 |  1.0
Summonings     | 2 |  2.4
Dodging        | |  1.7
Stealth        | |  3.9
Translocations | |  1.0

Action                   |  1- 3 |  4- 6 || total
-------------------------+-------+-------++-------
Melee: Dagger            |    11 |       ||    11
       Short sword       |    31 |    47 ||    78
 Cast: Magic Dart        |    77 |    18 ||    95
       Call Imp          |     2 |    25 ||    27
  Use: Scroll            |    11 |       ||    11
       Potion            |       |     1 ||     1
 Stab: Sleeping          |     2 |     1 ||     3
       Distracted        |       |     1 ||     1
Armor: Robe              |    12 |    15 ||    27
       Skin              |       |     2 ||     2
Dodge: Dodged            |    29 |    33 ||    62

Table legend: (Time is in decaauts)
 A = Elapsed time spent in this place.
 B = Non-inter-level travel time spent in this place.
 C = Inter-level travel time spent in this place.
 D = Time resting spent in this place.
 E = Time spent auto-exploring this place.
 F = Levels seen in this place.
 G = Mean time per level.
                   A        B        C        D        E       F      G
               +--------+--------+--------+--------+--------+-----+--------+
         Total |   5109 |   4849 |    260 |    397 |   3452 |   4 | 1277.2 |
       Dungeon |   5109 |   4849 |    260 |    397 |   3452 |   4 | 1277.2 |
               +--------+--------+--------+--------+--------+-----+--------+

Top non-repeatable levels by time:
     D:3: 2170 daAuts
     D:1: 1545 daAuts
     D:2: 1081 daAuts
     D:4: 313 daAuts
